 Dungeon Crawl Stone Soup version 0.27-a0-1502-g47ed6a6988 (webtiles) character file.

Game seed: 5276157435779280499

1745 Lanoc the Ruffian (level 8, -11/78 HPs)
             Began as a Troll Transmuter on July 10, 2021.
             Was an Elder of Cheibriados.
             Mangled by an ogre (14 damage)
             ... on level 6 of the Dungeon.
             The game lasted 00:07:35 (4652 turns).

Lanoc the Ruffian (Troll Transmuter)                Turns: 4652, Time: 00:07:35

Health: -11/78     AC:  8    Str: 29    XL:     8   Next: 77%
Magic:  6/7        EV: 12    Int: 23    God:    Cheibriados [****..]
Gold:   197        SH:  0    Dex: 20    Spells: 6/9 levels left

rFire    . . .     SeeInvis .     - Unarmed
rCold    . . .     Faith    .   (no shield)
rNeg     . . .     Spirit   .   a - +0 robe
rPois    .         Reflect  .   (helmet restricted)
rElec    .         Harm     .   (no cloak)
rCorr    .         Rampage  .   (gloves unavailable)
Will     .....                  (boots unavailable)
Stlth    ++........             (no amulet)
HPRegen  1.23/turn              h - +4 ring of protection
MPRegen  0.10/turn              (no ring)

@: mighty, hasted, slow
A: large, unfitting armour, claws 3, regeneration 1, shaggy fur 1, tough skin 1,
hooves 1, clever 1, low mp 1
a: Renounce Religion, Bend Time, Temporal Distortion, Slouch


You were on level 6 of the Dungeon.
You worshipped Cheibriados.
Cheibriados was greatly pleased with you.
You visited 2 branches of the dungeon, and saw 7 of its levels.

You collected 197 gold pieces.

Inventory:

Armour
 a - a +0 robe (worn)
Jewellery
 h - a +4 ring of protection (left claw)
 j - a ring of flight
 p - a +4 ring of evasion
Wands
 n - a wand of flame (3)
 s - a wand of digging (7)
 x - a wand of iceblast (12)
Scrolls
 b - a scroll of silence {unknown}
 c - 5 scrolls of identify {unknown}
 e - a scroll of amnesia {unknown}
 g - 2 scrolls of fear {unknown}
 i - a scroll of magic mapping {unknown}
 k - 2 scrolls of blinking {unknown}
 m - a scroll of brand weapon {unknown}
 t - 2 scrolls of immolation {unknown}
 v - a scroll of fog {unknown}
Potions
 l - a potion of might
 o - a potion of attraction {unknown}
 q - a potion of curing {unknown}
 r - 3 potions of mutation
 u - a potion of ambrosia {unknown}
 w - 2 potions of flight {unknown}
 z - a potion of lignification {unknown}
 A - a potion of degeneration {unknown}


   Skills:
 + Level 3.7 Fighting
 + Level 4.0 Dodging
 * Level 7.2 Unarmed Combat
 - Level 1.2 Spellcasting
 * Level 5.2 Transmutations


You had 6 spell levels left.
You knew the following spells:

 Your Spells              Type           Power      Damage    Failure   Level
g - Wereblood             Tmut           25%        N/A       2%          2
h - Beastly Appendage     Tmut           50%        N/A       1%          1

Your spell library contained the following spells:

 Spells                   Type           Power      Damage    Failure   Level
 Spider Form              Tmut/Pois      6%         N/A       14%         3
 Gell's Gravitas          Tloc           0%         N/A       38%         3
 Lesser Beckoning         Tloc           0%         N/A       38%         3
 Teleport Other           Tloc           1%         N/A       38%         3
 Ice Form                 Ice/Tmut       13%        N/A       43%         4
 Hailstorm                Conj/Ice       1%         3d3       80%         4
 Simulacrum               Ice/Necr       0%         N/A       100%        6


Dungeon Overview and Level Annotations

Branches:
Dungeon (6/15)             Temple (1/1) D:4

Altars:
Cheibriados
Gozag
Hepliaklqana
Qazlal
Sif Muna
Xom

Annotations:
D:6 1 transporter, Noname's ghost, novice OgBe


Innate Abilities, Weirdness & Mutations

You are too large for most types of armour.
You have claws for hands.
Your natural rate of healing is unusually fast.
You are covered in fur. (AC +1)
You have tough skin. (AC +1)
You have large cloven feet.
Your mind is acute. (Int +2)
Your magical capacity is low. (-10% MP)


Message History

Noname's ghost completely misses you.
Casting: Beastly Appendage (safe; 1% risk of failure)
Confirm with . or Enter, or press ? or * to list all spells.
Your blood is infused with primal strength.
Noname's ghost closely misses you. Noname's ghost hits you!
Noname's ghost misses you.
You scratch the ogre. You claw the ogre. You headbutt the ogre.
The ogre is heavily wounded.
Noname's ghost hits you! The ogre barely misses you.
You mangle the ogre!!
You feel a bit better.
You kill the ogre!
Cheibriados thoroughly appreciates the change of pace.
The ogre hits you with a +5 dire flail! Noname's ghost hits you!
Your Dodging skill increases to level 4!
The ogre hits you with a +5 dire flail!
Things that are here:
a +0 giant spiked club; an ogre corpse Noname's ghost wails, "There is no future for me!"
Noname's ghost closely misses you.
You closely miss Noname's ghost.
You claw Noname's ghost, but do no damage.
Your headbutt misses Noname's ghost. Noname's ghost hits you!
* * * LOW HITPOINT WARNING * * *
It was a potion of cancellation.
Your magical effects are unravelling.
You feel magically purged.
You howl as the wereblood boils in your veins!
Your horns disappear.
Your talons disappear.
Your primal bloodlust has ended.
Noname's ghost barely misses you.
It was a potion of haste.
You feel yourself speed up.
Cheibriados forgives your accidental hurry, just this once.
Noname's ghost closely misses you. The ogre closely misses you.
It was a potion of might.
You feel very mighty all of a sudden. Noname's ghost hits you!
* * * LOW HITPOINT WARNING * * *
It was a potion of mutation.
You feel extremely strange.
You feel less energetic.
You feel clever.
Your feet thicken and deform.
The ogre hits you with a +0 giant club!
You die...

.#..#.##..#..#.....#...##
......#...##.).......#..##
.......<..#).............##
....###.).................######
...## ##..............##..#.##.#
..#####...............#......#.##
#..#.##.........#.......)###....#
#......#############......###...#
#......#.....©OW@..#......####...
.....<.#..##...##O.#......##.#...
.......#.#..#.#..#.#............#
.###...#.#..#.#..#.#..........#..
.# #...#..##...##..#..........##)
.# #...#....$$$.O.©#...........#.
## ##..#############.............
#####.......©.©..................
..##.....#.....#......##.###.....


You could see 2 ogres and Noname's ghost.

Vanquished Creatures
  Sigmund (D:6)
  A steam dragon (D:5)
  A sky beast (D:6)
  4 ogres
  A necrophage (D:5)
  A centaur (D:6)
  A water moccasin skeleton (D:4)
  2 howler monkeys
  2 bullfrog zombies
  A centaur zombie (D:5)
  6 hounds
  4 orc priests
  An iguana (D:4)
  2 orc wizards (D:4)
  A killer bee zombie (D:6)
  2 gnolls
  6 adders
  A white imp (D:5)
  2 ufetubi (D:5)
  3 adder skeletons
  4 worms
  8 dart slugs
  15 orcs
  11 endoplasms
  4 giant cockroaches
  4 goblins
  10 hobgoblins
  11 jackals
  14 ball pythons
  8 bats
  3 frilled lizards
  10 kobolds
  5 rats
150 creatures vanquished.

Notes
Turn   | Place    | Note
-------+----------+-------------------------------------------
     0 | D:1      | Lanoc the Troll Transmuter began the quest for the Orb.
     0 | D:1      | Reached XP level 1. HP: 18/18 MP: 1/1
   119 | D:1      | Reached XP level 2. HP: 26/26 MP: 2/2
   122 | D:1      | Learned a level 2 spell: Wereblood
   169 | D:1      | Reached skill level 1 in Fighting
   216 | D:1      | Reached XP level 3. HP: 30/33 MP: 3/3
   532 | D:2      | Reached XP level 4. HP: 41/41 MP: 4/4
   626 | D:2      | Found a faded altar of an unknown god.
   670 | D:2      | Became a worshipper of Cheibriados the Contemplative
   670 | D:2      | Reached * piety under Cheibriados
  1363 | D:2      | Reached skill level 4 in Unarmed Combat
  1514 | D:3      | Reached ** piety under Cheibriados
  1669 | D:3      | Found a stormy altar of Qazlal.
  1669 | D:3      | Noticed an ogre
  1674 | D:3      | Killed an ogre
  1675 | D:3      | Reached XP level 5. HP: 49/49 MP: 3/5
  2189 | D:3      | Found a shimmering blue altar of Sif Muna.
  2253 | D:4      | Found a staircase to the Ecumenical Temple.
  2261 | Temple   | Entered the Ecumenical Temple
  2304 | D:4      | Reached XP level 6. HP: 52/57 MP: 3/6
  2404 | D:4      | Found a hazy altar of Hepliaklqana.
  2405 | D:4      | Found a shimmering altar of Xom.
  2407 | D:4      | Noticed a spectral ugly thing
  2492 | D:4      | Found an opulent altar of Gozag.
  2550 | D:4      | Reached *** piety under Cheibriados
  2861 | D:4      | Reached skill level 5 in Unarmed Combat
  3051 | D:4      | Reached XP level 7. HP: 65/66 MP: 3/7
  3284 | D:5      | Entered Level 5 of the Dungeon
  3812 | D:5      | Reached skill level 6 in Unarmed Combat
  3916 | D:5      | Noticed a steam dragon
  3921 | D:5      | Killed a steam dragon
  3921 | D:5      | Reached **** piety under Cheibriados
  3922 | D:5      | Reached XP level 8. HP: 75/75 MP: 4/8
  4246 | D:6      | Found a transporter.
  4247 | D:6      | Found a transporter.
  4250 | D:6      | Noticed Noname's ghost (novice OgBe)
  4394 | D:6      | Noticed Sigmund
  4404 | D:6      | Killed Sigmund
  4405 | D:6      | Reached skill level 7 in Unarmed Combat
  4405 | D:6      | Reached skill level 5 in Transmutations
  4651 | D:6      | HP: 2/78 [Noname's ghost (17)]
  4652 | D:6      | Gained mutation: Your magical capacity is low. (-10% MP)
                  | [potion of mutation]
  4652 | D:6      | Gained mutation: Your mind is acute. (Int +2) [potion of
                  | mutation]
  4652 | D:6      | Gained mutation: You have large cloven feet. [potion of
                  | mutation]
  4652 | D:6      | Mangled by an ogre

Illustrated notes

Levels and vault maps discovered:
D:1:      dpeg_arrival_connections, layout_basic, st_stairs_10, chequers_garden,
          minmay_misc_feat_secret_circle
D:2:      layout_basic, shapermc_ecumenical_altar_ellora, minmay_pentomino_t4
D:3:      layout_loops_ring, led_sif_pool, mainiacjoe_overflow_small_starburst
D:4:      layout_cave_pods, regret_index_temple_of_mockery, lemuel_doored_altar,
          minmay_temple_entry_gardened_gates, cheibrodos_gnoll_hut
D:5:      layout_basic, kennysheep_generic_room_2
D:6:      layout_cave_pools, gammafunk_ghost_smash, sigmund_army, uniq_sigmund
Temple:   bh_familiar_temple

Skill      XL: |  1  2  3  4  5  6  7  8 |
---------------+-------------------------+-----
Fighting       | 1 2 3 |  3.7
Transmutations | 2 3 4 5 |  5.2
Dodging        | 2 3 4 |  4.0
Unarmed Combat | 4 5 6 7 |  7.2
Spellcasting   | |  1.2

Action                   |  1- 3 |  4- 6 |  7- 9 || total
-------------------------+-------+-------+-------++-------
Melee: Unarmed           |    79 |   124 |    97 ||   300
       Kick              |     1 |    22 |    30 ||    53
       Headbutt          |     1 |    13 |    17 ||    31
       Punch             |     1 |     2 |     4 ||     7
 Cast: Beastly Appendage |     2 |    28 |    17 ||    47
       Wereblood         |       |    12 |    12 ||    24
  Use: Potion            |       |       |     4 ||     4
 Stab: Sleeping          |     1 |     2 |       ||     3
Armor: Robe              |    35 |    35 |    41 ||   111
Dodge: Dodged            |    56 |    65 |    90 ||   211

Table legend: (Time is in decaauts)
 A = Elapsed time spent in this place.
 B = Non-inter-level travel time spent in this place.
 C = Inter-level travel time spent in this place.
 D = Time resting spent in this place.
 E = Time spent auto-exploring this place.
 F = Levels seen in this place.
 G = Mean time per level.
                   A        B        C        D        E       F      G
               +--------+--------+--------+--------+--------+-----+--------+
         Total |   6278 |   6080 |    198 |      0 |   5235 |   7 |  896.9 |
       Dungeon |   6276 |   6078 |    198 |      0 |   5235 |   6 | 1046.0 |
        Temple |      1 |      1 |      0 |      0 |      0 |   1 |    1.0 |
               +--------+--------+--------+--------+--------+-----+--------+

Top non-repeatable levels by time:
     D:4: 1506 daAuts
     D:2: 1200 daAuts
     D:5: 1137 daAuts
     D:3: 1102 daAuts
     D:6: 872 daAuts
     D:1: 457 daAuts
  Temple: 1 daAuts
